 Dungeon Crawl Stone Soup version 0.29.1-14-g9c671dbff4 (webtiles) character file.

Game seed: 11911302365981622890

2 croobank the Sneak (level 1, -3/16 HPs)
             Began as an Octopode Delver on Feb 12, 2023.
             Killed from afar by an orc wizard (7 damage)
             ... with a magic dart
             ... on level 4 of the Dungeon.
             The game lasted 00:01:54 (416 turns).

croobank the Sneak (Octopode Delver)                 Turns: 416, Time: 00:01:55

Health: -3/16      AC:  1    Str: 11    XL:     1   Next: 30%
Magic:  1/1        EV: 13    Int: 12    God:
Gold:   25         SH:  0    Dex: 13    Spells: 0/0 levels left

rFire   . . .      SeeInvis .   a - +0 hand axe
rCold   . . .      Faith    .   (no shield)
rNeg    . . .      Spirit   .   (helmet restricted)
rPois   .          Reflect  .   (no amulet)
rElec   .          Harm     .   (no ring)
rCorr   .          Rampage  .   (no ring)
Will    .....                   (no ring)
Stlth   ++++......              (no ring)
HPRegen 0.05/turn               (no ring)
MPRegen 0.07/turn               (no ring)
                                (no ring)
                                (no ring)

@: no status effects
A: almost no armour, amphibious, 8 rings, camouflage 1, gelatinous body 1,
(nimble swimmer 1), tentacles
a: no special abilities


You were on level 4 of the Dungeon.
You visited 1 branch of the dungeon, and saw 3 of its levels.

You collected 25 gold pieces.

Inventory:

Hand Weapons
 a - a +0 hand axe (weapon)
 j - a +0 long sword
Wands
 f - a wand of digging (3)
Scrolls
 b - a scroll of fog
 c - a scroll of magic mapping
 h - 3 scrolls of identify {unknown}
Potions
 e - a potion of haste
 g - a potion of degeneration {unknown}
 i - a potion of might {unknown}


   Skills:
 + Level 3.0 Fighting
 + Level 2.0 Axes
 + Level 2.0 Dodging
 + Level 6.6 Stealth


You couldn't memorise any spells.
You didn't know any spells.
Your spell library contained the following spells:

 Spells                   Type           Power      Damage    Failure   Level
 Slow                     Hex            0%         N/A       32%         1
 Confusing Touch          Hex            0%         N/A       69%         3
 Vampiric Draining        Necr           0%         2d6       69%         3


Dungeon Overview and Level Annotations

Branches:
Dungeon (6/15)             Temple (0/1) D:5

Altars:
Makhleb


Innate Abilities, Weirdness & Mutations

You cannot wear most types of armour.
You are amphibious.
You can wear up to eight rings at the same time.
Your skin changes colour to match your surroundings (Stealth+).
Your rubbery body absorbs attacks. (AC +1, EV +1)
((You are camouflaged when in or above water. (Stealth+)))
You have tentacles for arms and can constrict up to eight enemies at once.


Message History

You hit the iguana. You grab the iguana.
The iguana is lightly wounded.
You constrict the iguana, but do no damage.
The iguana bites you.
You hit the iguana.
The iguana is moderately wounded.
You constrict the iguana, but do no damage.
The iguana bites you.
As you read the scroll of fear, it crumbles to dust.
You assume a fearsome visage.
The iguana looks frightened!
You constrict the iguana, but do no damage.
The iguana struggles to escape constriction.
You release your grip on the iguana.
Found a stone staircase leading up.
There is a stone staircase leading up here.
You climb upwards.
You hear the hiss of flowing sand.
There is an entrance to an ossuary on this level.
Hurry and find it before the portal is buried!
Found a stone staircase leading up.
There is a stone staircase leading down here.
You start resting.
You hear the slow hiss of an avalanche of sand nearby.
You start resting.
You hear the slow hiss of an avalanche of sand nearby.
A kobold comes into view. It is wielding a +0 dagger.
Found a scroll labelled JOMUTEI MUBB.
The kobold shouts!
There is a stone staircase leading down here. 3 orcs come into view.
The orc shouts!
You hear a shout!
The orc moves out of view.
There are monsters nearby!
An orc wizard comes into view. It is wielding a +0 dagger.
The orc wizard points at you and mumbles some strange words.
The puff of flame hits you!
Ouch! That really hurt!
* * * LOW HITPOINT WARNING * * *
The orc wizard points at you and mumbles some strange words.
The magic dart hits you!
You die...

... .? .. #####.##
#####....... #.....#
..# .##<@...# #.# #
...........####.##.#
.##.#.....o.K>.....#
#..........###.####
.....##.##o# #.#
#.... #o##.# #.#
##.#. #o##.# #.#
###. #..... ..# #.#
###


You could see an orc wizard, 3 orcs and a kobold.

Vanquished Creatures
  An orc (D:6)
1 creature vanquished.

Notes
Turn   | Place    | Note
-------+----------+-------------------------------------------
     0 | D:5      | croobank the Octopode Delver began the quest for the Orb.
     0 | D:5      | Reached XP level 1. HP: 16/16 MP: 1/1
     0 | D:5      | Found a staircase to the Ecumenical Temple.
    19 | D:5      | Noticed an orc warrior
    38 | D:6      | Found a burning altar of Makhleb.
   266 | D:5      | Identified the +0 leather armour of the Tuna {rC+ Int+2
                  | Stlth+}
   288 | D:5      | Noticed an iguana
   413 | D:4      | Noticed an orc wizard
   416 | D:4      | Killed from afar by an orc wizard

Illustrated notes

Levels and vault maps discovered:
D:4:      layout_loops_corners, mainiacjoe_overflow_catwalk,
          lemuel_coloured_pillars_altar, lightli_ossuary_entry_decrepit_ruins,
          uniq_eustachio, uniq_natasha, uniq_grinder
D:5:      layout_gridville, fedhas_altar_fruit_tree, minmay_temple_entry_waves
D:6:      layout_cave_pods, bloody_makhleb

Action                   || total
-------------------------++-------
Melee: Hand axe          ||     4
       Constrict         ||     2
       Tentacles         ||     2
  Use: Scroll            ||     1
Dodge: Dodged            ||     2
